 Dungeon Crawl Stone Soup version 0.26-a0-830-g2a559e7be2 (webtiles) character file.

Game seed: 1687699679878085751

77 Morbidden the Grave Robber (level 4, -2/32 HPs)
             Began as a Demonspawn Necromancer on Nov 15, 2020.
             Was an Initiate of Cheibriados.
             Slain by a gnoll
             ... wielding a +0 whip
              (10 damage)
             ... on level 3 of the Dungeon.
             The game lasted 00:02:43 (2543 turns).

Morbidden the Grave Robber (Demonspawn Necromancer) Turns: 2543, Time: 00:02:43

Health: -2/32      AC:  3    Str: 10    XL:     4   Next: 13%
Magic:  2/7        EV: 12    Int: 18    God:    Cheibriados [......]
Gold:   64         SH:  0    Dex: 14    Spells: 6/7 levels left

rFire    . . .     SeeInvis .   b - +2 hunting sling (freeze)
rCold    . . .     Faith    .   (no shield)
rNeg     . . .     Spirit   .   a - +0 robe
rPois    .         Reflect  .   (no helmet)
rElec    .         Harm     .   d - +0 cloak (curse)
rCorr    .         Rampage  .   (no gloves)
MR       .....                  (no boots)
Stlth    ++........             (no amulet)
HPRegen  0.10/turn              (no ring)
MPRegen  0.10/turn              (no ring)

@: very slow
A: claws 1, powered by pain 1
a: Bend Time, Renounce Religion


You were on level 3 of the Dungeon.
You worshipped Cheibriados.
Cheibriados was noncommittal.
You visited 1 branch of the dungeon, and saw 3 of its levels.

You collected 64 gold pieces.

Inventory:

Hand Weapons
 b - a +2 hunting sling of freezing (weapon)
Missiles
 f - 19 sling bullets (quivered)
Armour
 a - a +0 robe (worn)
 d - a cursed +0 cloak (worn)
Scrolls
 g - a scroll of identify {unknown}
 i - a scroll of noise {unknown}
Potions
 c - a potion of magic {unknown}
 e - a potion of cancellation {unknown}
 h - a potion of lignification {unknown}


   Skills:
 * Level 1.4 Fighting
 + Level 0.1 Slings
 + Level 2.0 Dodging
 + Level 1.9 Stealth
 * Level 2.4 Spellcasting
 * Level 5.2 Necromancy
 * Level 1.1 Invocations


You had 6 spell levels left.
You knew the following spells:

 Your Spells              Type           Power        Failure   Level
a - Pain                  Necr           ###.         1%          1

Your spell library contained the following spells:

 Spells                   Type           Power        Failure   Level
 Animate Skeleton         Necr           ###...       1%          1
 Vampiric Draining        Necr           ###.......   6%          3
 Animate Dead             Necr           ###.......   21%         4
 Agony                    Necr           ###.....     50%         5


Dungeon Overview and Level Annotations

Branches:
Dungeon (3/15)

Altars:
Cheibriados


Innate Abilities, Weirdness & Mutations

You have sharp fingernails.
You sometimes gain a little power by taking damage.


Message History

The sling bullet closely misses the gnoll.
Firing (i - inventory)
f - 22 sling bullets (quivered)
Press: ? - help, Shift-Dir - straight line, f/p - gnoll
Aim: a gnoll, wielding a +0 whip (lightly wounded)
You shoot a sling bullet. The sling bullet hits the gnoll.
The sling bullet freezes the gnoll.
The gnoll is moderately wounded.
Firing (i - inventory)
f - 21 sling bullets (quivered)
Press: ? - help, Shift-Dir - straight line, f/p - gnoll
Aim: a gnoll, wielding a +0 whip (moderately wounded)
You shoot a sling bullet.
The sling bullet barely misses the gnoll.
Unknown command.
Firing (i - inventory)
f - 20 sling bullets (quivered)
Press: ? - help, Shift-Dir - straight line, f/p - gnoll
Aim: a gnoll, wielding a +0 whip (moderately wounded)
You shoot a sling bullet.
The sling bullet closely misses the gnoll.
The gnoll hits you with a +0 whip!
You die...

#### #..## #@..###
#g#...############
#.###.#..........#
#†# #.#.########..
#.# #.#.## ### .(#
#.#..# (## #.##.#
.. #.##.####### #.
#..#...≈≈≈.##


You could see a gnoll.

Vanquished Creatures
  2 gnolls (D:3)
  An adder (D:3)
  A worm (D:2)
  4 dart slugs
  A giant cockroach (D:2)
  5 goblins
  7 hobgoblins
  5 bats
  2 frilled lizards
  4 kobolds (D:2)
  6 rats
38 creatures vanquished.

Vanquished Creatures (others)
  A ghoul (D:1)
  A draconian (D:1)
  2 octopodes (D:1)
  A vine stalker (D:1)
  A troll (D:1)
  A formicid (D:1)
  A vampire (D:1)
  A spriggan (D:1)
  A human (D:1)
  2 nagas (D:1)
  2 ogres (D:1)
  An orc (D:1)
  4 tentacles (D:1)
19 creatures vanquished.

Grand Total: 57 creatures vanquished

Notes
Turn   | Place    | Note
-------+----------+-------------------------------------------
     0 | D:1      | Morbidden the Demonspawn Necromancer began the quest for
                  | the Orb.
     0 | D:1      | Reached XP level 1. HP: 13/13 MP: 3/3
     2 | D:1      | Noticed a spriggan
     2 | D:1      | Noticed a vampire
     2 | D:1      | Noticed an ogre
     2 | D:1      | Noticed an ogre
     2 | D:1      | Noticed a vine stalker
     2 | D:1      | Noticed a draconian
     2 | D:1      | Noticed an octopode
     2 | D:1      | Noticed a naga
     2 | D:1      | Noticed a kraken
     2 | D:1      | Noticed a naga
     2 | D:1      | Noticed a formicid
     2 | D:1      | Noticed an octopode
     2 | D:1      | Noticed a ghoul
     2 | D:1      | Noticed a troll
     2 | D:1      | Noticed a human
     4 | D:1      | Killed a naga
     6 | D:1      | Killed an octopode
     7 | D:1      | Killed an octopode
     8 | D:1      | Killed a formicid
    10 | D:1      | Killed a vine stalker
    10 | D:1      | Killed a naga
    10 | D:1      | Killed a human
    11 | D:1      | Killed an ogre
    12 | D:1      | Killed a troll
    12 | D:1      | Killed an ogre
    16 | D:1      | Killed a spriggan
    17 | D:1      | Killed a draconian
    19 | D:1      | Killed a vampire
    19 | D:1      | Killed a ghoul
   210 | D:1      | Gained mutation: You sometimes gain a little power by
                  | taking damage. [demonic ancestry]
   210 | D:1      | Reached XP level 2. HP: 16/20 MP: 0/5
  1000 | D:2      | Reached skill level 1 in Fighting
  1207 | D:2      | Reached skill level 5 in Necromancy
  1579 | D:2      | Gained mutation: You have sharp fingernails. [demonic
                  | ancestry]
  1579 | D:2      | Reached XP level 3. HP: 23/26 MP: 2/6
  2371 | D:3      | Found a snail-covered altar of Cheibriados.
  2386 | D:3      | Became a worshipper of Cheibriados the Contemplative
  2529 | D:3      | Reached skill level 1 in Invocations
  2532 | D:3      | Reached XP level 4. HP: 6/32 MP: 1/7
  2543 | D:3      | Slain by a gnoll

Illustrated notes

Levels and vault maps discovered:
D:1:      nicolae_arrival_kraken_aquarium_b, layout_loops_ring,
          minmay_misc_feat_x, patterned_corridor
D:2:      layout_basic
D:3:      layout_rooms, kennysheep_slug_shrine, uniq_jessica

Skill      XL: |  1  2  3 |
---------------+----------+-----
Fighting       | 1 |  1.4
Necromancy     | 5 |  5.2
Dodging        | 2 |  2.0
Invocations    | 1 |  1.1
Slings         | |  0.1
Stealth        | |  1.9
Spellcasting   | |  2.4

Action                   |  1- 3 |  4- 6 || total
-------------------------+-------+-------++-------
Melee: Unarmed           |    19 |       ||    19
 Fire: Hunting sling     |     8 |     5 ||    13
 Cast: Pain              |    71 |       ||    71
Armor: Robe              |     5 |       ||     5
Dodge: Dodged            |    18 |       ||    18

Table legend: (Time is in decaauts)
 A = Elapsed time spent in this place.
 B = Non-inter-level travel time spent in this place.
 C = Inter-level travel time spent in this place.
 D = Time resting spent in this place.
 E = Time spent auto-exploring this place.
 F = Levels seen in this place.
 G = Mean time per level.
                   A        B        C        D        E       F      G
               +--------+--------+--------+--------+--------+-----+--------+
         Total |   2572 |   2495 |     77 |    201 |   2034 |   3 |  857.3 |
       Dungeon |   2572 |   2495 |     77 |    201 |   2034 |   3 |  857.3 |
               +--------+--------+--------+--------+--------+-----+--------+

Top non-repeatable levels by time:
     D:2: 1339 daAuts
     D:1: 1023 daAuts
     D:3: 209 daAuts
